TOP OF THE 1ST |
Hickory Crawdads batting - Pitching for Bowling Green Hot Rods : RHP Julio Trejo
|
Pitching: RHP Julio Trejo
|
|
Batting: RHB Aaron Moore
|
0-0: Swinging Strike 0-1: Ball 1-1: Ball 2-1: Foul Ball, location: 2F 2-2: Fly out, F7 (Flyball, 7S, EV 88.8 MPH)
|
Batting: LHB Brian Gray
|
0-0: Called Strike 0-1: Ball 1-1: Foul Ball, location: 2F 1-2: Foul Ball, location: 2F 1-2: Strikes out looking
|
Batting: RHB Matthew Starr
|
0-0: Ball 1-0: Ball 2-0: Called Strike 2-1: Foul Ball, location: 2F 2-2: Ground out 4-3 (Groundball, 4S, EV 68.1 MPH)
|
Top of the 1st over - 0 runs, 0 hits, 0 errors, 0 left on base; Hickory 0 - Bowling Green 0 |
BOTTOM OF THE 1ST |
Bowling Green Hot Rods batting - Pitching for Hickory Crawdads : LHP Zachary DeVault
|
Pitching: LHP Zachary DeVault
|
|
Batting: RHB Isaiah Easter
|
0-0: Fly out, F8 (Flyball, 8RD, EV 100.6 MPH)
|
Batting: RHB Kunizo Yanagisawa
|
0-0: Ball 1-0: Ball 2-0: Ball 3-0: Called Strike 3-1: Base on Balls
|
Batting: SHB Wayne Hattan
|
0-0: Ball 1-0: Ball 2-0: Called Strike Kunizo Yanagisawa steals 2nd base 2-1: Swinging Strike 2-2: Foul Ball, location: 2F 2-2: Ground out 6-3 (Groundball, 6, EV 85.6 MPH) Kunizo Yanagisawa to third
|
Batting: RHB Alex Zamora
|
0-0: Foul Ball, location: 2F 0-1: Swinging Strike 0-2: Strikes out looking
|
Bottom of the 1st over - 0 runs, 0 hits, 0 errors, 1 left on base; Hickory 0 - Bowling Green 0 |
TOP OF THE 2ND |
Hickory Crawdads batting - Pitching for Bowling Green Hot Rods : RHP Julio Trejo
|
Batting: SHB Todd Hewitt
|
0-0: Ball 1-0: Fly out, F7 (Flyball, 7S, EV 81.9 MPH)
|
Batting: RHB Jarrod Joyce
|
0-0: Ball 1-0: Fly out, F8 (Flyball, 89M, EV 86.9 MPH)
|
Batting: SHB Quido van Erp
|
0-0: Ball 1-0: Ball 2-0: Ball 3-0: Base on Balls
|
Batting: LHB Lee Gerken
|
0-0: Called Strike 0-1: Swinging Strike 0-2: Ball 1-2: Ball 2-2: Ball 3-2: Foul Ball, location: 2F 3-2: Foul Ball, location: 2F 3-2: Base on Balls Quido van Erp to second
|
Batting: LHB Caleb Domino
|
0-0: Ball 1-0: Ball 2-0: Called Strike 2-1: Fly out, F9 (Flyball, 9, EV 80.6 MPH)
|
Top of the 2nd over - 0 runs, 0 hits, 0 errors, 2 left on base; Hickory 0 - Bowling Green 0 |
BOTTOM OF THE 2ND |
Bowling Green Hot Rods batting - Pitching for Hickory Crawdads : LHP Zachary DeVault
|
Batting: RHB Jason Penfield
|
0-0: Ball 1-0: Ground out 2-3 (Groundball, 2L, EV 68.1 MPH)
|
Batting: RHB Jim Erdody
|
0-0: Foul Ball, location: 2F 0-1: Ball 1-1: Swinging Strike 1-2: Strikes out looking
|
Batting: RHB Eric Waugaman
|
0-0: Swinging Strike 0-1: Foul Ball, location: 2F 0-2: Strikes out looking
|
Bottom of the 2nd over - 0 runs, 0 hits, 0 errors, 0 left on base; Hickory 0 - Bowling Green 0 |
TOP OF THE 3RD |
Hickory Crawdads batting - Pitching for Bowling Green Hot Rods : RHP Julio Trejo
|
Batting: RHB Dave Brabo
|
0-0: Called Strike 0-1: Ball 1-1: Ball 2-1: Foul Ball, location: 2F 2-2: Ball 3-2: Strikes out swinging
|
Batting: RHB Aaron Moore
|
0-0: Ball 1-0: Foul Ball, location: 2F 1-1: Ground out 4-3 (Groundball, 4, EV 84.4 MPH)
|
Batting: LHB Brian Gray
|
0-0: Called Strike 0-1: Foul Ball, location: 2F 0-2: Strikes out swinging
|
Top of the 3rd over - 0 runs, 0 hits, 0 errors, 0 left on base; Hickory 0 - Bowling Green 0 |
BOTTOM OF THE 3RD |
Bowling Green Hot Rods batting - Pitching for Hickory Crawdads : LHP Zachary DeVault
|
Batting: RHB Jesse Haddad
|
0-0: Ball 1-0: Ground out 5-3 (Groundball, 56, EV 88.8 MPH)
|
Batting: RHB Chris Glavin
|
0-0: Called Strike 0-1: Ball 1-1: Called Strike 1-2: Foul Ball, location: 2F 1-2: Strikes out swinging
|
Batting: RHB Isaiah Easter
|
0-0: Ball 1-0: Ball 2-0: Called Strike 2-1: Foul Ball, location: 2F 2-2: Strikes out swinging
|
Bottom of the 3rd over - 0 runs, 0 hits, 0 errors, 0 left on base; Hickory 0 - Bowling Green 0 |
TOP OF THE 4TH |
Hickory Crawdads batting - Pitching for Bowling Green Hot Rods : RHP Julio Trejo
|
Batting: RHB Matthew Starr
|
0-0: Ball 1-0: Called Strike 1-1: Ball 2-1: Swinging Strike 2-2: Strikes out swinging
|
Batting: SHB Todd Hewitt
|
0-0: Called Strike 0-1: Fly out, F9 (Flyball, 89D, EV 103.1 MPH)
|
Batting: RHB Jarrod Joyce
|
0-0: Called Strike 0-1: Called Strike 0-2: Strikes out swinging
|
Top of the 4th over - 0 runs, 0 hits, 0 errors, 0 left on base; Hickory 0 - Bowling Green 0 |
BOTTOM OF THE 4TH |
Bowling Green Hot Rods batting - Pitching for Hickory Crawdads : LHP Zachary DeVault
|
Batting: RHB Kunizo Yanagisawa
|
0-0: Ball 1-0: Swinging Strike 1-1: Ball 2-1: Called Strike 2-2: Strikes out swinging
|
Batting: SHB Wayne Hattan
|
0-0: Ball 1-0: SOLO HOME RUN (Flyball, 78XD, EV 110.6 MPH), Distance : 426 ft
|
Batting: RHB Alex Zamora
|
0-0: Ball 1-0: Foul Ball, location: 2F 1-1: Swinging Strike 1-2: Fly out, F6 (Popup, P, EV 78.8 MPH)
|
Batting: RHB Jason Penfield
|
0-0: Fly out, F6 (Line Drive, 6MD, EV 73.8 MPH)
|
Bottom of the 4th over - 1 run, 1 hit, 0 errors, 0 left on base; Hickory 0 - Bowling Green 1 |
TOP OF THE 5TH |
Hickory Crawdads batting - Pitching for Bowling Green Hot Rods : RHP Julio Trejo
|
Batting: SHB Quido van Erp
|
0-0: Called Strike 0-1: SINGLE (Line Drive, 5D, EV 106.9 MPH)
|
Batting: LHB Lee Gerken
|
0-0: Ball Quido van Erp is caught stealing 2nd base 2-6 1-0: Swinging Strike 1-1: Ball 2-1: Swinging Strike 2-2: Foul Ball, location: 2F 2-2: Ball 3-2: Fly out, F8 (Flyball, 8RD, EV 101.2 MPH)
|
Batting: LHB Caleb Domino
|
0-0: Foul Ball, location: 2F 0-1: Foul Ball, location: 2F 0-2: Ground out 4-3 (Groundball, 4, EV 92.5 MPH)
|
Top of the 5th over - 0 runs, 1 hit, 0 errors, 0 left on base; Hickory 0 - Bowling Green 1 |
BOTTOM OF THE 5TH |
Bowling Green Hot Rods batting - Pitching for Hickory Crawdads : LHP Zachary DeVault
|
Batting: RHB Jim Erdody
|
0-0: Ball 1-0: Ball 2-0: Foul Ball, location: 2F 2-1: Foul Ball, location: 2F 2-2: Strikes out looking
|
Batting: RHB Eric Waugaman
|
0-0: Called Strike 0-1: Swinging Strike 0-2: Ground out 4-3 (Groundball, 4MD, EV 104.4 MPH)
|
Batting: RHB Jesse Haddad
|
0-0: Called Strike 0-1: Ball 1-1: Ball 2-1: Ball 3-1: Foul Ball, location: 2F 3-2: Foul Ball, location: 2F 3-2: Base on Balls
|
Batting: RHB Chris Glavin
|
0-0: Called Strike 0-1: Called Strike Jesse Haddad is caught stealing 2nd base 2-4
|
Bottom of the 5th over - 0 runs, 0 hits, 0 errors, 0 left on base; Hickory 0 - Bowling Green 1 |
TOP OF THE 6TH |
Hickory Crawdads batting - Pitching for Bowling Green Hot Rods : RHP Julio Trejo
|
Batting: RHB Dave Brabo
|
0-0: Called Strike 0-1: Ball 1-1: Ball 2-1: Fly out, F7 (Line Drive, 7, EV 98.1 MPH)
|
Batting: RHB Aaron Moore
|
0-0: Ball 1-0: Called Strike 1-1: DOUBLE (Flyball, 8RXD, EV 107.5 MPH)
|
Batting: LHB Brian Gray
|
0-0: Ball 1-0: Called Strike 1-1: Called Strike 1-2: Ball 2-2: Ball 3-2: Foul Ball, location: 2F 3-2: Foul Ball, location: 2F 3-2: Base on Balls
|
Batting: RHB Matthew Starr
|
0-0: Foul Ball, location: 2F 0-1: Ball 1-1: Ball 2-1: Ball 3-1: Base on Balls Aaron Moore to third Brian Gray to second
|
Batting: SHB Todd Hewitt
|
0-0: Called Strike 0-1: Ball 1-1: Called Strike 1-2: Strikes out swinging
|
Batting: RHB Jarrod Joyce
|
0-0: Fly out, F6 (Popup, 6MD, EV 52.5 MPH)
|
Top of the 6th over - 0 runs, 1 hit, 0 errors, 3 left on base; Hickory 0 - Bowling Green 1 |
BOTTOM OF THE 6TH |
Bowling Green Hot Rods batting - Pitching for Hickory Crawdads : LHP Zachary DeVault
|
Batting: RHB Chris Glavin
|
0-0: Ground out 6-3 (Groundball, 6, EV 102.5 MPH)
|
Batting: RHB Isaiah Easter
|
0-0: Called Strike 0-1: Called Strike 0-2: Ball 1-2: Reached on error, E4 (Groundball, 4M, EV 81.2 MPH)
|
Batting: RHB Kunizo Yanagisawa
|
0-0: Swinging Strike 0-1: Ball 1-1: Ball 2-1: Called Strike 2-2: Foul Ball, location: 2F 2-2: Foul Ball, location: 2F 2-2: SINGLE (Groundball, 34S, EV 63.8 MPH) (infield hit) Isaiah Easter to third
|
Batting: SHB Wayne Hattan
|
0-0: Ball Kunizo Yanagisawa steals 2nd base 1-0: Called Strike 1-1: Ground out 6-3 (Groundball, P, EV 89.4 MPH)
|
Batting: RHB Alex Zamora
|
0-0: Foul Ball, location: 2F 0-1: Ball 1-1: Fly out, F8 (Flyball, 8RD, EV 74.4 MPH)
|
Bottom of the 6th over - 0 runs, 1 hit, 1 error, 2 left on base; Hickory 0 - Bowling Green 1 |
TOP OF THE 7TH |
Hickory Crawdads batting - Pitching for Bowling Green Hot Rods : RHP Julio Trejo
|
Batting: SHB Quido van Erp
|
0-0: Called Strike 0-1: Foul Ball, location: 2F 0-2: Ball 1-2: Ball 2-2: Strikes out looking
|
Batting: LHB Lee Gerken
|
0-0: Ball 1-0: Foul Ball, location: 2F 1-1: Foul Ball, location: 2F 1-2: Strikes out looking
|
Batting: LHB Caleb Domino
|
0-0: Ball 1-0: Called Strike 1-1: Ground out 4-3 (Groundball, 4, EV 86.9 MPH)
|
Top of the 7th over - 0 runs, 0 hits, 0 errors, 0 left on base; Hickory 0 - Bowling Green 1 |
BOTTOM OF THE 7TH |
Bowling Green Hot Rods batting - Pitching for Hickory Crawdads : LHP Zachary DeVault
|
Batting: RHB Jason Penfield
|
0-0: Ball 1-0: Ball 2-0: Ball 3-0: Called Strike 3-1: Foul Ball, location: 2F 3-2: Strikes out looking
|
Batting: RHB Jim Erdody
|
0-0: Ball 1-0: SINGLE (Line Drive, 8LS, EV 94.4 MPH)
|
Batting: RHB Eric Waugaman
|
0-0: Ball 1-0: Ball 2-0: Called Strike 2-1: Called Strike 2-2: Ball 3-2: SINGLE (Groundball, 13, EV 85.0 MPH) (infield hit) Jim Erdody to second
|
Batting: RHB Jesse Haddad
|
0-0: Foul Ball, location: 2F 0-1: Ball 1-1: Called Strike 1-2: Ball 2-2: Ball 3-2: Foul Ball, location: 2F 3-2: Fly out, F3 (Popup, 3SF, EV 87.5 MPH)
|
Batting: RHB Chris Glavin
|
0-0: Ball 1-0: Foul Ball, location: 2F 1-1: Fielders Choice at 2nd, 5-4 (Groundball, 56, EV 87.5 MPH)
|
Bottom of the 7th over - 0 runs, 2 hits, 0 errors, 2 left on base; Hickory 0 - Bowling Green 1 |
TOP OF THE 8TH |
Hickory Crawdads batting - Pitching for Bowling Green Hot Rods : RHP Julio Trejo
|
Pitching: RHP Josh Heath
|
|
Pinch Hitting: LHB Tim Olsen
|
0-0: Called Strike 0-1: Ball 1-1: Ball 2-1: Called Strike 2-2: Ball 3-2: Base on Balls
|
Batting: RHB Aaron Moore
|
0-0: Sac Bunt to 25 - play at first, batter OUT! 5-3 Tim Olsen to second
|
Pitching: LHP Melvin Millan
|
|
Pinch Hitting: RHB Jorge Benites
|
0-0: Ball 1-0: Fly out, F7 (Flyball, 78D, EV 98.8 MPH)
|
Batting: RHB Matthew Starr
|
0-0: Foul Ball, location: 2F 0-1: Ball 1-1: Foul Ball, location: 2F 1-2: Ball 2-2: Foul Ball, location: 2F 2-2: Strikes out swinging, 2-3 out at first.
|
Top of the 8th over - 0 runs, 0 hits, 0 errors, 1 left on base; Hickory 0 - Bowling Green 1 |
BOTTOM OF THE 8TH |
Bowling Green Hot Rods batting - Pitching for Hickory Crawdads : LHP Zachary DeVault
|
Now at SS: Aaron Moore
|
|
Now in LF: Jorge Benites
|
|
Now in RF: Tim Olsen
|
|
Batting: RHB Isaiah Easter
|
0-0: Ball 1-0: Swinging Strike 1-1: Fly out, F3 (Popup, 3F, EV 71.9 MPH)
|
Pitching: RHP Miguel Arguello
|
|
Batting: RHB Kunizo Yanagisawa
|
0-0: Called Strike 0-1: Ball 1-1: Ball 2-1: Ground out 6-3 (Groundball, 56, EV 80.0 MPH)
|
Batting: SHB Wayne Hattan
|
0-0: Ball 1-0: Ground out 4-3 (Groundball, 4, EV 87.5 MPH)
|
Bottom of the 8th over - 0 runs, 0 hits, 0 errors, 0 left on base; Hickory 0 - Bowling Green 1 |
TOP OF THE 9TH |
Hickory Crawdads batting - Pitching for Bowling Green Hot Rods : LHP Melvin Millan
|
Pitching: RHP Bill Alicea
|
|
Batting: SHB Todd Hewitt
|
0-0: Foul Ball, location: 2F 0-1: Ball 1-1: DOUBLE (Line Drive, 3D, EV 99.4 MPH)
|
Batting: RHB Jarrod Joyce
|
0-0: Ground out 5-3 (Groundball, 5S, EV 86.2 MPH)
|
Batting: SHB Quido van Erp
|
0-0: Ball 1-0: Ball 2-0: Ground out U3 (Groundball, 34, EV 103.1 MPH) Todd Hewitt to third
|
Batting: LHB Lee Gerken
|
0-0: Ball 1-0: Ball 2-0: Foul Ball, location: 2F 2-1: Swinging Strike 2-2: Ground out 6-3 (Groundball, 6, EV 95.0 MPH)
|
Top of the 9th over - 0 runs, 1 hit, 0 errors, 1 left on base; Hickory 0 - Bowling Green 1 |
|